 Dungeon Sprint DCSS version 0.26-a0-1026-g544776af23 (webtiles) character file.

Game seed: 7425668134957681997

227 sahdkjhfkaj the Unseen (level 6, -3/39 HPs)
             Began as an Octopode Brigand on Dec 9, 2020.
             Slain by a fire elemental (14 damage)
             ... in the Dungeon (Sprint V: "Ziggurat Sprint").
             The game lasted 00:00:38 (228 turns).

sahdkjhfkaj the Unseen (Octopode Brigand)            Turns: 228, Time: 00:00:39

Health: -3/39      AC:  1    Str: 23    XL:     6   Next: 2%
Magic:  6/6        EV: 13    Int: 25    God:
Gold:   0          SH:  0    Dex: 27    Spells: 5/5 levels left

rFire    . . .     SeeInvis .   F - +5 dagger
rCold    . . .     Faith    .   (no shield)
rNeg     . . .     Spirit   .   (helmet restricted)
rPois    .         Reflect  .   (no amulet)
rElec    .         Harm     .   z - +6 ring of strength
rCorr    .         Rampage  .   A - +6 ring of strength
Will     .....     NoTele   +   x - +6 ring of intelligence
Stlth    ++++++++..             y - +6 ring of intelligence
HPRegen  0.13/turn              v - +6 ring of dexterity
MPRegen  0.10/turn              w - +6 ring of dexterity
                                (no ring)
                                (no ring)

@: no status effects
A: almost no armour, stealthy swim, amphibious, 8 rings, constrict 8, camouflage
1, gelatinous body 1
a: no special abilities


You were in the Dungeon.
You visited 1 branch

Inventory:

Hand Weapons
 F - a +5 dagger (weapon)
Missiles
 b - 8 poisoned darts (quivered)
 c - 2 curare-tipped darts
Jewellery
 a - the ring "Kysy" {rCorr Int+3}
   (You found it in the Dungeon)

   [ring of resist corrosion]

   It affects your intelligence (+3).
   It provides partial protection from all sources of acid and corrosion.
 u - an uncursed ring of flight
 v - a +6 ring of dexterity (on tentacle)
 w - a +6 ring of dexterity (on tentacle)
 x - a +6 ring of intelligence (on tentacle)
 y - a +6 ring of intelligence (on tentacle)
 z - a +6 ring of strength (left tentacle)
 A - a +6 ring of strength (right tentacle)
Wands
 B - a wand of disintegration (7)
 C - a wand of iceblast (7)
 D - a wand of acid (7)
Scrolls
 i - 4 scrolls of blinking
 o - 4 scrolls of amnesia
 p - 7 scrolls of fog
 q - a scroll of holy word
 r - 5 scrolls of identify
 s - 5 scrolls of remove curse
 t - 2 scrolls of fear
Potions
 d - 10 potions of curing
 e - 10 potions of heal wounds
 f - 5 potions of haste
 g - 7 potions of magic
 h - 3 potions of berserk rage
 j - 2 potions of brilliance
 k - a potion of invisibility
 l - 3 potions of resistance
 n - 4 potions of might
Miscellaneous
 E - a lightning rod (4/4)


   Skills:
 - Level 2.0 Fighting
 - Level 2.0 Short Blades
 - Level 2.0 Throwing
 - Level 1.0 Dodging
 + Level 17.1 Stealth


You had 5 spell levels left.
You didn't know any spells.
Your spell library contained the following spells:

 Spells                   Type           Power        Failure   Level
 Animate Skeleton         Necr           #.....       14%         1
 Pain                     Necr           #...         14%         1
 Vampiric Draining        Necr           #.........   38%         3
 Animate Dead             Necr           #.........   80%         4
 Agony                    Necr           #.......     98%         5


Dungeon Overview and Level Annotations

Branches:
Dungeon (1/1)

Altars:
Ashenzari
Cheibriados
Dithmenos
Elyvilon
Fedhas
Gozag
Hepliaklqana
Kikubaaqudgha
Makhleb
Nemelex Xobeh
Okawaru
Qazlal
Ru
Sif Muna
Trog
Uskayaw
Vehumet
Wu Jian
Xom
Yredelemnul
Zin
The Shining One
Beogh
Jiyva
Lugonu

Annotations:
D 1 transporter


Innate Abilities, Weirdness & Mutations

You cannot wear most types of armour.
You are very stealthy in the water. (Stealth+)
You are amphibious.
You can wear up to eight rings at the same time.
You can use your tentacles to constrict eight enemies at once.
Your skin changes colour to match your surroundings (Stealth+).
Your rubbery body absorbs attacks. (AC +1, EV +1)


Message History

The fire vortex hits you. The fire vortex burns you!
The fire vortex dissipates!
Found four items.
Found a transporter.
The helpless fire vortex fails to defend itself.
You skewer the fire vortex like a kebab!!!!
The fire vortex dissipates!
Unknown command.
Unknown command.
The hell hound barks!
Unknown command.
The hell hound misses you. The fire elemental barely misses you.
You hit the hell hound. You grab the hell hound.
You squeeze the hell hound, but do no damage.
The hell hound is lightly wounded.
You constrict the hell hound, but do no damage.
The hell hound barely misses you. The fire elemental closely misses you.
The hell hound bites you! The fire elemental hits you.
* * * LOW HITPOINT WARNING * * *
The fire elemental burns you!
You die...

▓.....▓.....▓.....▓
▓.....▓.....▓.....▓
▓.....▓.....▓..©..▓
▓..©..▓..©..▓▓▓▓▓▓▓
▓▓▓▓▓▓▓▓▓▓▓▓▓▓
▓..8©8...▓
▓..))°...▓
▓...hE...▓
▓...@....▓
▓........▓
▓.▓....▓.▓
▓...©....▓
▓▓▓▓▓▓▓▓▓▓


You could see a fire elemental and a hell hound.

Vanquished Creatures
  2 ice beasts (D)
  An orc priest (D)
  An adder (D)
  2 adder simulacra (D)
  2 orcs (D)
  A ball python (D)
  A fire vortex (D)
10 creatures vanquished.

Vanquished Creatures (others)
  A fire vortex (D)
1 creature vanquished.

Grand Total: 11 creatures vanquished

Notes
Turn   | Place    | Note
-------+----------+-------------------------------------------
     0 | D        | sahdkjhfkaj the Octopode Brigand began the quest for the
                  | Orb.
     0 | D        | Reached XP level 1. HP: 14/14 MP: 1/1
     0 | D        | Found a shimmering blue altar of Sif Muna.
     0 | D        | Found a sacrificial altar of Ru.
     0 | D        | Found a bloodstained altar of Trog.
     0 | D        | Found a stormy altar of Qazlal.
     0 | D        | Found an iron altar of Okawaru.
     0 | D        | Found a sparkling altar of Nemelex Xobeh.
     0 | D        | Found a blossoming altar of Fedhas.
     1 | D        | Found the +6 Majin-Bo {vamp, MP+6 Int+6}
     1 | D        | Found the +9 heavy crossbow "Sniper" {vorpal, Acc+∞ SInv}
     1 | D        | Found the +10 dark maul {vorpal}
     1 | D        | Found the +15 Maxwell's patent armour {-Cast -Tele rElec
                  | Will+ rCorr}
     1 | D        | Found the +18 shield of the Gong {rElec rN+ Will+ EV-5}
     1 | D        | Found the cursed +14 obsidian axe {vorpal, +Fly SInv
                  | *Curse}
     1 | D        | Found the +7 great mace "Firestarter" {inner flame, rF++}
     1 | D        | Found the +6 shillelagh "Devastator" {shatter}
     1 | D        | Found the +11 plutonium sword {*Contam Stlth-}
     1 | D        | Found the +8 lance "Wyrmbane" {slay drac, rPois rF+ rC+
                  | AC+3}
     1 | D        | Found the +9 sword of Zonguldrok {reap}
     1 | D        | Found the cursed +13 scythe of Curses {drain, *Curse}
     1 | D        | Found the +0 sword of Power
     1 | D        | Found the +7 mace of Variability {chain chaos}
     1 | D        | Found the +7 Singing Sword {vorpal, sonic wave}
     1 | D        | Found the +8 storm bow {elec, penet}
     2 | D        | Found a transporter.
     2 | D        | Found an ancient bone altar of Kikubaaqudgha.
     2 | D        | Found a viscous altar of Jiyva.
     2 | D        | Found a corrupted altar of Lugonu.
     2 | D        | Found a hazy altar of Hepliaklqana.
     2 | D        | Found a burning altar of Makhleb.
     2 | D        | Found an opulent altar of Gozag.
    62 | D        | Reached skill level 11 in Stealth
    62 | D        | Reached XP level 2. HP: 19/19 MP: 2/2
    63 | D        | Entered arena 2.
    63 | D        | Found a transporter.
    67 | D        | Reached skill level 12 in Stealth
    71 | D        | Entered arena 3.
    71 | D        | Found a transporter.
    77 | D        | Reached skill level 13 in Stealth
    77 | D        | Reached XP level 3. HP: 24/24 MP: 3/3
    80 | D        | Got the ring "Kysy" {rCorr Int+3}
    82 | D        | Entered arena 4.
    82 | D        | Noticed an ice beast
    82 | D        | Noticed an ice beast
    82 | D        | Found a transporter.
    88 | D        | Killed an ice beast
    89 | D        | Reached skill level 15 in Stealth
    89 | D        | Reached XP level 4. HP: 29/29 MP: 4/4
    89 | D        | Reached XP level 5. HP: 34/34 MP: 5/5
    89 | D        | Killed an ice beast
    90 | D        | Reached skill level 17 in Stealth
    90 | D        | Reached XP level 6. HP: 39/39 MP: 6/6
   223 | D        | Entered arena 5.
   223 | D        | Noticed a hell hound
   223 | D        | Noticed a fire elemental
   223 | D        | Found a transporter.
   224 | D        | Found the +6 arbalest "Damnation" {damnation}
   228 | D        | Slain by a fire elemental

Illustrated notes

Levels and vault maps discovered:
D:        sprint_v [room_start, room_1, room_2, room_3, room_4, room_5, room_6,
          room_7, room_8, room_9, room_10, room_11, room_12, room_13, room_14,
          room_15, room_16, room_17, room_18, room_19, room_20, room_21,
          room_22, room_23, room_24, room_25, room_26, room_27]

Skill      XL: |  1  2  3  4  5 |
---------------+----------------+-----
Stealth        | 11 13 15 17 | 17.1
Fighting       | |  2.0
Short Blades   | |  2.0
Throwing       | |  2.0
Dodging        | |  1.0

Action                   |  1- 3 |  4- 6 || total
-------------------------+-------+-------++-------
Melee: Dagger            |     7 |     4 ||    11
       Constrict         |       |     1 ||     1
       Tentacles         |       |     1 ||     1
  Use: Potion            |     5 |       ||     5
 Stab: Sleeping          |     7 |     3 ||    10
Armor: Skin              |       |     1 ||     1
Dodge: Dodged            |       |     4 ||     4

Table legend: (Time is in decaauts)
 A = Elapsed time spent in this place.
 B = Non-inter-level travel time spent in this place.
 C = Inter-level travel time spent in this place.
 D = Time resting spent in this place.
 E = Time spent auto-exploring this place.
 F = Levels seen in this place.
 G = Mean time per level.
                   A        B        C        D        E       F      G
               +--------+--------+--------+--------+--------+-----+--------+
         Total |    211 |    211 |      0 |    126 |     21 |   1 |  211.0 |
       Dungeon |    211 |    211 |      0 |    126 |     21 |   1 |  211.0 |
               +--------+--------+--------+--------+--------+-----+--------+

Top non-repeatable levels by time:
       D: 211 daAuts
